TOP OF THE 1ST |
Birmingham Steeldogs batting - Pitching for Chicago Machine : RHP Shiki Kanno
|
Pitching: RHP Shiki Kanno
|
|
Batting: RHB Jorge Canó
|
0-0: Ball 1-0: Ball 2-0: Ball 3-0: Called Strike 3-1: Base on Balls
|
Batting: LHB Ashley Pickhills
|
0-0: Ball 1-0: Called Strike 1-1: SINGLE (Groundball, 56D) Jorge Canó to second
|
Batting: RHB Carlos García
|
0-0: Swinging Strike 0-1: Reached on error, E5 (Groundball, 56) Jorge Canó to third Ashley Pickhills to second
|
Batting: RHB Valentín Borges
|
0-0: Called Strike 0-1: Ball 1-1: Ball 2-1: Ball 3-1: Base on Balls Jorge Canó scores Ashley Pickhills to third Carlos García to second
|
Batting: LHB José Hernández
|
0-0: SINGLE (Line Drive, 89S) Ashley Pickhills scores Carlos García to third Valentín Borges to second
|
Batting: RHB Sixto Vélez
|
0-0: Ball Wild Pitch! Carlos García scores Valentín Borges to third José Hernández to second 1-0: Called Strike 1-1: Foul Ball, location: 2F 1-2: Reached on error, E4 (Popup, 4D) Valentín Borges scores José Hernández to third
|
Batting: LHB José Martínez
|
0-0: Foul Ball, location: 2F 0-1: Fly out, F3 (Popup, 3L)
|
Batting: LHB José Rivera
|
0-0: Fly out, F9 (Line Drive, 9) Runner from 3rd tags up, SCORES, throw made
|
Batting: LHB John Haney
|
0-0: Ground out 4-3 (Groundball, 34)
|
Top of the 1st over - 5 run(s), 2 hit(s), 2 error(s), 1 left on base; Birmingham 5 - Chicago 0 |
BOTTOM OF THE 1ST |
Chicago Machine batting - Pitching for Birmingham Steeldogs : RHP Francisco Ríos
|
Pitching: RHP Francisco Ríos
|
|
Batting: RHB Roberto Cardona
|
0-0: Called Strike 0-1: Ball 1-1: Ball 2-1: Foul Ball, location: 2F 2-2: Foul Ball, location: 2F 2-2: Hit by Pitch
|
Batting: RHB Lorenzo Guzmán
|
0-0: Ball 1-0: Ball 2-0: Called Strike 2-1: DOUBLE (Line Drive, 7D) Roberto Cardona to third
|
Batting: RHB Doug Stephens
|
0-0: Called Strike 0-1: Foul Ball, location: 2F 0-2: Fly out, F3 (Popup, 34)
|
Batting: SHB José Alomar
|
0-0: Swinging Strike 0-1: Called Strike 0-2: Ball 1-2: Foul Ball, location: 2F 1-2: Strikes out swinging
|
Batting: LHB Kiyonaga Morita
|
0-0: Called Strike 0-1: Fly out, F8 (Line Drive, 78D)
|
Bottom of the 1st over - 0 run(s), 1 hit(s), 0 error(s), 2 left on base; Birmingham 5 - Chicago 0 |
TOP OF THE 2ND |
Birmingham Steeldogs batting - Pitching for Chicago Machine : RHP Shiki Kanno
|
Batting: RHB Jorge Canó
|
0-0: Foul Ball, location: 2F 0-1: Swinging Strike 0-2: Fly out, F7 (Flyball, 78S)
|
Batting: LHB Ashley Pickhills
|
0-0: Fly out, F4 (Popup, 4)
|
Batting: RHB Carlos García
|
0-0: Ball 1-0: Ball 2-0: Called Strike 2-1: Called Strike 2-2: SINGLE (Groundball, 34D)
|
Batting: RHB Valentín Borges
|
0-0: Called Strike 0-1: SINGLE (Groundball, 4MD) Carlos García to second
|
Batting: LHB José Hernández
|
0-0: Ball 1-0: Fly out, F8 (Flyball, 8RXD)
|
Top of the 2nd over - 0 run(s), 2 hit(s), 0 error(s), 2 left on base; Birmingham 5 - Chicago 0 |
BOTTOM OF THE 2ND |
Chicago Machine batting - Pitching for Birmingham Steeldogs : RHP Francisco Ríos
|
Batting: SHB Lee Townsend
|
0-0: Foul Ball, location: 2F 0-1: Foul Ball, location: 2F 0-2: Ground out 4-3 (Groundball, 4)
|
Batting: RHB Sam Wallace
|
0-0: Called Strike 0-1: SINGLE (Line Drive, 6)
|
Batting: SHB Jesús Ramírez
|
0-0: Ball 1-0: Ball 2-0: DOUBLE (Line Drive, 7LS) Sam Wallace to third
|
Batting: SHB Joaquín López
|
0-0: Called Strike 0-1: Foul Ball, location: 2F 0-2: Ball 1-2: Foul Ball, location: 2F 1-2: Ball 2-2: Fly out, F9 (Flyball, 9LM) Runner from 3rd tags up, SCORES, throw made
|
Batting: RHB Roberto Cardona
|
0-0: Ball 1-0: Fly out, F2 (Popup, 3S)
|
Bottom of the 2nd over - 1 run(s), 2 hit(s), 0 error(s), 1 left on base; Birmingham 5 - Chicago 1 |
TOP OF THE 3RD |
Birmingham Steeldogs batting - Pitching for Chicago Machine : RHP Shiki Kanno
|
Batting: RHB Sixto Vélez
|
0-0: Ball 1-0: Called Strike 1-1: Ball 2-1: Ground out 2-3 (Groundball, 15S)
|
Batting: LHB José Martínez
|
0-0: Ground out 4-3 (Groundball, 34)
|
Batting: LHB José Rivera
|
0-0: Swinging Strike 0-1: Ball 1-1: Swinging Strike 1-2: Fly out, F6 (Popup, 6D)
|
Top of the 3rd over - 0 run(s), 0 hit(s), 0 error(s), 0 left on base; Birmingham 5 - Chicago 1 |
BOTTOM OF THE 3RD |
Chicago Machine batting - Pitching for Birmingham Steeldogs : RHP Francisco Ríos
|
Batting: RHB Lorenzo Guzmán
|
0-0: Foul Ball, location: 2F 0-1: Ball 1-1: Ball 2-1: Foul Ball, location: 2F 2-2: Strikes out swinging
|
Batting: RHB Doug Stephens
|
0-0: Foul Ball, location: 2F 0-1: Ball 1-1: Ball 2-1: Ball 3-1: Called Strike 3-2: Ground out 1-3 (Groundball, 15S)
|
Batting: SHB José Alomar
|
0-0: SINGLE (Line Drive, 6MD)
|
Batting: LHB Kiyonaga Morita
|
0-0: Called Strike 0-1: Ball 1-1: Ball 2-1: Foul Ball, location: 2F 2-2: Foul Ball, location: 2F 2-2: Ball 3-2: Base on Balls José Alomar to second
|
Batting: SHB Lee Townsend
|
0-0: Ball 1-0: Fielders Choice at 2nd, 4-6 (Groundball, 4)
|
Bottom of the 3rd over - 0 run(s), 1 hit(s), 0 error(s), 1 left on base; Birmingham 5 - Chicago 1 |
TOP OF THE 4TH |
Birmingham Steeldogs batting - Pitching for Chicago Machine : RHP Shiki Kanno
|
Batting: LHB John Haney
|
0-0: Ground out U3 (Groundball, 34)
|
Batting: RHB Jorge Canó
|
0-0: Ball 1-0: SINGLE (Groundball, 56) (infield hit)
|
Batting: LHB Ashley Pickhills
|
0-0: Ball 1-0: Ball 2-0: Foul Ball, location: 2F 2-1: Swinging Strike 2-2: SINGLE (Line Drive, 89S) Jorge Canó to second Jorge Canó to third
|
Batting: RHB Carlos García
|
0-0: Ball 1-0: Fly out, F8 (Flyball, 8LD) Runner from 3rd tags up, SCORES, no throw
|
Batting: RHB Valentín Borges
|
0-0: Ball 1-0: Ball 2-0: Ball 3-0: Called Strike 3-1: Base on Balls Ashley Pickhills to second
|
Batting: LHB José Hernández
|
0-0: Ball 1-0: SINGLE (Groundball, 34D) Ashley Pickhills to third Valentín Borges to second Runner from 3rd tries for Home, SAFE, no throw
|
Batting: RHB Sixto Vélez
|
0-0: Foul Ball, location: 2F 0-1: Ball 1-1: Called Strike 1-2: Ball 2-2: Ground out 1-3 (Groundball, 13)
|
Top of the 4th over - 2 run(s), 3 hit(s), 0 error(s), 2 left on base; Birmingham 7 - Chicago 1 |
BOTTOM OF THE 4TH |
Chicago Machine batting - Pitching for Birmingham Steeldogs : RHP Francisco Ríos
|
Batting: RHB Sam Wallace
|
0-0: Fly out, F9 (Flyball, 89M)
|
Batting: SHB Jesús Ramírez
|
0-0: Ground out U3 (Groundball, 34S)
|
Batting: SHB Joaquín López
|
0-0: Foul Ball, location: 2F 0-1: Ball 1-1: Swinging Strike 1-2: Ball 2-2: Ball 3-2: Foul Ball, location: 2F 3-2: Strikes out swinging
|
Bottom of the 4th over - 0 run(s), 0 hit(s), 0 error(s), 0 left on base; Birmingham 7 - Chicago 1 |
TOP OF THE 5TH |
Birmingham Steeldogs batting - Pitching for Chicago Machine : RHP Shiki Kanno
|
Batting: LHB José Martínez
|
0-0: Called Strike 0-1: Fly out, F7 (Flyball, 7S)
|
Batting: LHB José Rivera
|
0-0: Ball 1-0: Called Strike 1-1: Swinging Strike 1-2: Fly out, F7 (Flyball, 7LSF)
|
Batting: LHB John Haney
|
0-0: Foul Ball, location: 2F 0-1: Ground out 6-3 (Groundball, 6)
|
Top of the 5th over - 0 run(s), 0 hit(s), 0 error(s), 0 left on base; Birmingham 7 - Chicago 1 |
BOTTOM OF THE 5TH |
Chicago Machine batting - Pitching for Birmingham Steeldogs : RHP Francisco Ríos
|
Batting: RHB Roberto Cardona
|
0-0: Ground out 6-3 (Groundball, 6)
|
Batting: RHB Lorenzo Guzmán
|
0-0: Ball 1-0: Ground out U3 (Groundball, 3)
|
Batting: RHB Doug Stephens
|
0-0: SINGLE (Flyball, 8RS)
|
Batting: SHB José Alomar
|
0-0: Foul Ball, location: 2F 0-1: Ball 1-1: Swinging Strike 1-2: Fly out, F8 (Flyball, 89D)
|
Bottom of the 5th over - 0 run(s), 1 hit(s), 0 error(s), 1 left on base; Birmingham 7 - Chicago 1 |
TOP OF THE 6TH |
Birmingham Steeldogs batting - Pitching for Chicago Machine : RHP Shiki Kanno
|
Batting: RHB Jorge Canó
|
0-0: Ball 1-0: Swinging Strike 1-1: Ground out 5-3 (Groundball, 56S)
|
Batting: LHB Ashley Pickhills
|
0-0: Fly out, F4 (Line Drive, 4)
|
Batting: RHB Carlos García
|
0-0: Ball 1-0: Ball 2-0: Ground out 5-3 (Groundball, 56)
|
Top of the 6th over - 0 run(s), 0 hit(s), 0 error(s), 0 left on base; Birmingham 7 - Chicago 1 |
BOTTOM OF THE 6TH |
Chicago Machine batting - Pitching for Birmingham Steeldogs : RHP Francisco Ríos
|
Batting: LHB Kiyonaga Morita
|
0-0: Foul Ball, location: 2F 0-1: Ball 1-1: Swinging Strike 1-2: Ball 2-2: Fly out, F7 (Flyball, 78M)
|
Batting: SHB Lee Townsend
|
0-0: Fly out, F4 (Popup, 3D)
|
Batting: RHB Sam Wallace
|
0-0: Foul Ball, location: 2F 0-1: Called Strike 0-2: Foul Ball, location: 2F 0-2: Ball 1-2: Fly out, F8 (Flyball, 89S)
|
Bottom of the 6th over - 0 run(s), 0 hit(s), 0 error(s), 0 left on base; Birmingham 7 - Chicago 1 |
TOP OF THE 7TH |
Birmingham Steeldogs batting - Pitching for Chicago Machine : RHP Shiki Kanno
|
Batting: RHB Valentín Borges
|
0-0: Fly out, F4 (Line Drive, 4)
|
Batting: LHB José Hernández
|
0-0: Ball 1-0: Ground out U3 (Groundball, 34)
|
Batting: RHB Sixto Vélez
|
0-0: Swinging Strike 0-1: Foul Ball, location: 2F 0-2: Foul Ball, location: 2F 0-2: SINGLE (Groundball, 56D)
|
Batting: LHB José Martínez
|
0-0: Called Strike 0-1: Ball 1-1: Ball 2-1: Ball 3-1: Base on Balls Sixto Vélez to second
|
Batting: LHB José Rivera
|
0-0: Called Strike 0-1: Ball 1-1: Called Strike 1-2: Foul Ball, location: 2F 1-2: Ground out 1-3 (Groundball, 13S)
|
Top of the 7th over - 0 run(s), 1 hit(s), 0 error(s), 2 left on base; Birmingham 7 - Chicago 1 |
BOTTOM OF THE 7TH |
Chicago Machine batting - Pitching for Birmingham Steeldogs : RHP Francisco Ríos
|
Pitching: RHP Michel Dallaire
|
|
Batting: SHB Jesús Ramírez
|
0-0: Ball 1-0: Foul Ball, location: 2F 1-1: Foul Ball, location: 2F 1-2: Ball 2-2: Strikes out swinging
|
Batting: SHB Joaquín López
|
0-0: TRIPLE (Flyball, 8LXD)
|
Batting: RHB Roberto Cardona
|
0-0: Swinging Strike 0-1: Ground out 5-3 (Groundball, 5)
|
Batting: RHB Lorenzo Guzmán
|
0-0: Ball 1-0: Called Strike 1-1: Swinging Strike 1-2: Ball 2-2: Foul Ball, location: 2F 2-2: Ball 3-2: Strikes out swinging
|
Bottom of the 7th over - 0 run(s), 1 hit(s), 0 error(s), 1 left on base; Birmingham 7 - Chicago 1 |
TOP OF THE 8TH |
Birmingham Steeldogs batting - Pitching for Chicago Machine : RHP Shiki Kanno
|
Pitching: LHP John Lane
|
|
Batting: LHB John Haney
|
0-0: Ground out 1-3 (Groundball, 13)
|
Batting: RHB Jorge Canó
|
0-0: Ball 1-0: Called Strike 1-1: Foul Ball, location: 2F 1-2: Ball 2-2: Strikes out swinging
|
Batting: LHB Ashley Pickhills
|
0-0: Ball 1-0: Ball 2-0: Ball 3-0: Called Strike 3-1: Base on Balls
|
Batting: RHB Carlos García
|
0-0: Ball 1-0: Ball 2-0: Fly out, F9 (Line Drive, 9LM)
|
Top of the 8th over - 0 run(s), 0 hit(s), 0 error(s), 1 left on base; Birmingham 7 - Chicago 1 |
BOTTOM OF THE 8TH |
Chicago Machine batting - Pitching for Birmingham Steeldogs : RHP Michel Dallaire
|
Batting: RHB Doug Stephens
|
0-0: Fly out, F9 (Flyball, 9LMF)
|
Batting: SHB José Alomar
|
0-0: Called Strike 0-1: Foul Ball, location: 2F 0-2: Ball 1-2: Ball 2-2: Fly out, F2 (Popup, 5S)
|
Batting: LHB Kiyonaga Morita
|
0-0: Called Strike 0-1: Foul Ball, location: 2F 0-2: Ball 1-2: Ball 2-2: Foul Ball, location: 2F 2-2: Ball 3-2: Hit by Pitch
|
Batting: SHB Lee Townsend
|
0-0: Ball 1-0: Ball 2-0: Foul Ball, location: 2F 2-1: Ball 3-1: DOUBLE (Groundball, 3L) Kiyonaga Morita to third Runner from 3rd tries for Home, SAFE, no throw
|
Batting: RHB Sam Wallace
|
0-0: Ball 1-0: Called Strike 1-1: Ball 2-1: Ground out 2-3 (Groundball, 2L)
|
Bottom of the 8th over - 1 run(s), 1 hit(s), 0 error(s), 1 left on base; Birmingham 7 - Chicago 2 |
TOP OF THE 9TH |
Birmingham Steeldogs batting - Pitching for Chicago Machine : LHP John Lane
|
Pitching: RHP Víctor Reyes
|
|
Batting: RHB Valentín Borges
|
0-0: Ball 1-0: Called Strike 1-1: Ball 2-1: Ball 3-1: Fly out, F4 (Flyball, 34D)
|
Batting: LHB José Hernández
|
0-0: Ball 1-0: Ball 2-0: Called Strike 2-1: Fly out, F8 (Flyball, 8RD)
|
Batting: RHB Sixto Vélez
|
0-0: Called Strike 0-1: Ball 1-1: Ball 2-1: Fly out, F9 (Flyball, 89M)
|
Top of the 9th over - 0 run(s), 0 hit(s), 0 error(s), 0 left on base; Birmingham 7 - Chicago 2 |
BOTTOM OF THE 9TH |
Chicago Machine batting - Pitching for Birmingham Steeldogs : RHP Michel Dallaire
|
Pitching: RHP Mitch Brown
|
|
Batting: SHB Jesús Ramírez
|
0-0: Called Strike 0-1: Ball 1-1: Swinging Strike 1-2: Strikes out swinging
|
Batting: SHB Joaquín López
|
0-0: Ball 1-0: Ball 2-0: Ball 3-0: Called Strike 3-1: SINGLE (Line Drive, 4MD)
|
Batting: RHB Roberto Cardona
|
0-0: Called Strike 0-1: Fly out, F8 (Flyball, 89M)
|
Batting: RHB Lorenzo Guzmán
|
0-0: Called Strike 0-1: Foul Ball, location: 2F 0-2: Fielders Choice at 2nd, 5-4 (Groundball, 5)
|
Bottom of the 9th over - 0 run(s), 1 hit(s), 0 error(s), 0 left on base; Birmingham 7 - Chicago 2 |
|